 Dungeon Crawl Stone Soup version 0.29.1-12-g30fa7ad0bf (webtiles) character file.

Game seed: 5000069012759845020

91 FexLirch the Grave Robber (level 4, -1/30 HPs)
             Began as a Mummy Necromancer on Jan 5, 2023.
             Slain by a black bear (5 damage)
             ... on level 4 of the Dungeon.
             The game lasted 00:07:11 (3557 turns).

FexLirch the Grave Robber (Mummy Necromancer)       Turns: 3557, Time: 00:07:11

Health: -1/30      AC:  2    Str: 11    XL:     4   Next: 34%
Magic:  1/10       EV: 12    Int: 18    God:
Gold:   232        SH:  0    Dex: 12    Spells: 3/11 levels left

rFire   x . .      SeeInvis .   h - +9 dagger of Sudden Death {speed, rC- rN+ Int+2}
rCold   . . .      Faith    .   (no shield)
rNeg    + + +      Spirit   .   a - +0 robe
rPois   ∞          Reflect  .   (no helmet)
rElec   .          Harm     .   n - scarf {shadows}
rCorr   .          Rampage  .   (no gloves)
Will    .....                   (no boots)
Stlth   ++........              f - amulet of the acrobat
HPRegen 0.10/turn               m - +4 ring of slaying
MPRegen 0.12/turn               (no ring)

@: very slightly contaminated
A: cold resistance 1, negative energy resistance 3, torment resistance 2, heat
vulnerability 1, in touch with death 1, no potions
a: no special abilities


You were on level 4 of the Dungeon.
You visited 1 branch of the dungeon, and saw 6 of its levels.

You collected 232 gold pieces.

Inventory:

Hand Weapons
 e - a +0 long sword
 h - the +9 dagger of Sudden Death (weapon) {speed, rC- rN+ Int+2}
   (You found it on level 2 of the Dungeon)

   Attacks with this weapon are significantly faster.
   Int:       It affects your intelligence (+2).
   rC:        It makes you vulnerable to cold.
   rN:        It protects you from negative energy.
 i - a +0 dagger of protection
Armour
 a - a +0 robe (worn)
 b - a +0 ring mail
 n - a scarf of shadows (worn)
 p - a +0 tower shield
Magical Staves
 g - a staff of air
 j - a staff of conjuration
Jewellery
 f - an amulet of the acrobat (around neck)
 m - a +4 ring of slaying (left hand)
Scrolls
 c - a scroll of enchant weapon {unknown}
 d - 2 scrolls of vulnerability
 k - 2 scrolls of teleportation
 l - 2 scrolls of immolation
 o - a scroll of magic mapping {unknown}


   Skills:
 - Level 1.5 Dodging
 - Level 1.5 Stealth
 + Level 4.4 Spellcasting
 + Level 5.0 Necromancy


You had 3 spell levels left.
You knew the following spells:

 Your Spells              Type           Power      Damage    Failure   Level
a - Necrotise             Necr           100%       1d9       1%          1
b - Vampiric Draining     Necr           33%        2d8       5%          3
c - Animate Dead          Necr           33%        N/A       17%         4

Your spell library contained the following spells:

 Spells                   Type           Power      Damage    Failure   Level
 Agony                    Necr           33%        N/A       43%         5


Dungeon Overview and Level Annotations

Branches:
Dungeon (6/15)
 Temple: D:4-7

Altars:
Qazlal
Wu Jian


Innate Abilities, Weirdness & Mutations

You are immune to poison.
Your flesh is cold resistant. (rC+)
You are immune to negative energy. (rN+++)
You are immune to unholy pain and torment.
You are vulnerable to heat. (rF-)
You are in touch with the powers of death.
You do not drink.


Message History

Aiming: Necrotise (safe; 1% risk of failure)
Press: ? - help, Shift-Dir - straight line, f/p - black bear
Aim: a black bear (moderately wounded, chance to affect: 83%)
You feel a surge of power!
The black bear writhes in agony.
You puncture the black bear!
The black bear is severely wounded.
The black bear goes berserk!
Casting: Necrotise (safe; 1% risk of failure)
Confirm with . or Enter, or press ? or * to list all spells.
Aiming: Vampiric Draining (dangerous; 5% risk of failure)
Press: ? - help, Shift-Dir - straight line, f/p - black bear
Aim: a black bear (severely wounded, berserk)
You feel a surge of power!
You miscast Vampiric Draining.
You are very lightly contaminated with residual magic.
Nothing appears to happen.
The black bear barely misses you. The black bear completely misses you.
The black bear claws you. The black bear bites you!
The black bear claws you but does no damage.
The black bear claws you.
* * * LOW HITPOINT WARNING * * *
Casting: Vampiric Draining (dangerous; 5% risk of failure)
Confirm with . or Enter, or press ? or * to list all spells.
Aiming: Vampiric Draining (dangerous; 5% risk of failure)
Press: ? - help, Shift-Dir - straight line, f/p - black bear
Aim: a black bear (severely wounded, berserk)
You feel a surge of power!
You draw life force from the black bear!
You feel life coursing into your body. The black bear closely misses you. x2
The black bear claws you.
* * * LOW HITPOINT WARNING * * *
Casting: Vampiric Draining (dangerous; 5% risk of failure)
Confirm with . or Enter, or press ? or * to list all spells.
Aiming: Necrotise (safe; 1% risk of failure)
Press: ? - help, Shift-Dir - straight line, f/p - black bear
Aim: a black bear (almost dead, berserk, chance to affect: 83%)
You feel a surge of power!
The black bear writhes in agony.
The black bear barely misses you. The black bear claws you.
* * * LOW HITPOINT WARNING * * *
The black bear claws you.
You die...

...._...
#...♣..♣♣.##........#
.#.....#
....♣♣P.♣###..#####.#
.#§....#
##...♣♣♣.♣..)......#
<###.###
#...♣♣.P♣###..###.#
.....#
#....♣.♣♣......
######
#..........####
####'#.....##
#..h.....# ###@.....#
######)# #.# #.# #.#
#.# #.# #.#


You could see a black bear (berserk).

Vanquished Creatures
  An adder (D:3)
  2 worms (D:2)
  8 orcs (D:3)
  4 ball pythons
  6 bats
  2 endoplasms
  4 giant cockroaches
  4 hobgoblins
  4 jackals (D:1)
  6 quokkas
  2 frilled lizards (D:2)
  10 goblins
  5 kobolds
  3 rats
61 creatures vanquished.

Vanquished Creatures (collateral kills)
  An endoplasm (D:2)
1 creature vanquished.

Vanquished Creatures (others)
  2 plants
2 creatures vanquished.

Grand Total: 64 creatures vanquished

Notes
Turn   | Place    | Note
-------+----------+-------------------------------------------
     0 | D:1      | FexLirch the Mummy Necromancer began the quest for the Orb.
     0 | D:1      | Reached XP level 1. HP: 13/13 MP: 4/4
    31 | D:1      | Found a faded altar of an unknown god.
   293 | D:1      | Reached XP level 2. HP: 14/19 MP: 1/6
  1476 | D:2      | Found an ornate altar of the Wu Jian Council.
  1623 | D:2      | Gained mutation: You are in touch with the powers of death.
                  | [Mummy growth]
  1623 | D:2      | Reached XP level 3. HP: 24/24 MP: 6/8
  1627 | D:2      | Identified the +9 dagger of Sudden Death {speed, rC- rN+
                  | Int+2}
  1633 | D:2      | Learned a level 3 spell: Vampiric Draining
  2845 | D:3      | Reached XP level 4. HP: 30/30 MP: 7/10
  3038 | D:3      | Learned a level 4 spell: Animate Dead
  3211 | D:3      | Reached skill level 5 in Necromancy
  3344 | D:4      | Noticed a black bear
  3377 | D:4      | Found a stormy altar of Qazlal.
  3388 | D:5      | Entered Level 5 of the Dungeon
  3557 | D:4      | Slain by a black bear

Illustrated notes

Levels and vault maps discovered:
D:1:      minmay_arrival_open_corners, layout_loops_ring,
          shapermc_ecumenical_altar_petra
D:2:      layout_basic, basic_altar, serial_bayou_pond_b
D:3:      layout_loops_cross
D:4:      layout_basic, lemuel_round_altar, grunt_qazlal_clouds, serial_forest,
          infiniplex_forest_clump_double, infiniplex_forest_corner_1,
          infiniplex_forest_straight_3, infiniplex_forest_zigzag_1,
          infiniplex_forest_clump_large, infiniplex_forest_end_double,
          infiniplex_forest_zigzag_1, infiniplex_forest_end_2,
          infiniplex_forest_side_room, infiniplex_forest_clump_tiny
D:5:      layout_loops_ring, mainiacjoe_overflow_six_doors_small,
          nicolae_overflow_two_pavilions, lemuel_crystal_altar
D:6:      layout_loops_corners, mainiacjoe_overflow_alcove_4,
          minmay_temple_entry_hall, serial_shops, nicolae_inconvenience_store

Skill      XL: |  1  2  3  4 |
---------------+-------------+-----
Spellcasting   | 3 4 |  4.4
Necromancy     | 5 |  5.0
Dodging        | |  1.5
Stealth        | |  1.5

Action                   |  1- 3 |  4- 6 || total
-------------------------+-------+-------++-------
Melee: Unarmed           |    16 |       ||    16
       Long sword        |    10 |       ||    10
       Dagger            |    13 |    13 ||    26
 Cast: Necrotise         |    94 |    15 ||   109
       Vampiric Draining |     5 |     1 ||     6
  Use: Scroll            |       |     3 ||     3
 Stab: Sleeping          |       |     1 ||     1
Armor: Robe              |    14 |     3 ||    17
Dodge: Dodged            |    35 |    19 ||    54
